 Dungeon Crawl Stone Soup version 0.29.1-1-gd02db6906a (webtiles) character file.

Game seed: 2430680962365049735

39 lonewolfV2 the Trooper (level 3, -4/24 HPs)
             Began as a Gargoyle Fighter on Oct 14, 2022.
             Slain by Natasha (7 damage)
             ... on level 2 of the Dungeon.
             The game lasted 00:02:04 (1314 turns).

lonewolfV2 the Trooper (Gargoyle Fighter)           Turns: 1314, Time: 00:02:05

Health: -4/24      AC: 10    Str: 19    XL:     3   Next: 45%
Magic:  3/3        EV:  9    Int:  8    God:
Gold:   87         SH:  4    Dex: 11    Spells: 2/2 levels left

rFire   . . .      SeeInvis .   a - +1 flail
rCold   . . .      Faith    +   c - +0 buckler
rNeg    + . .      Spirit   .   b - +0 scale mail
rPois   ∞          Reflect  .   (no helmet)
rElec   +          Harm     .   (no cloak)
rCorr   .          Rampage  .   (no gloves)
Will    .....                   (no boots)
Stlth   ..........              k - amulet of faith
HPRegen 0.08/turn               (no ring)
MPRegen 0.08/turn               (no ring)

@: no status effects
A: sickness immunity, AC +3, negative energy resistance 1, electricity
resistance, torment resistance 1, petrification resistance
a: no special abilities


You were on level 2 of the Dungeon.
You visited 1 branch of the dungeon, and saw 2 of its levels.

You collected 87 gold pieces.

Inventory:

Hand Weapons
 a - a +1 flail (weapon)
Armour
 b - a +0 scale mail (worn)
 c - a +0 buckler (worn)
Jewellery
 k - an amulet of faith (around neck)
Scrolls
 j - a scroll of teleportation
 l - a scroll of magic mapping {unknown}
 m - a scroll of identify {unknown}
Potions
 d - a potion of might
 e - a potion of cancellation {unknown}
 f - 2 potions of attraction {unknown}
 g - a potion of berserk rage {unknown}
 h - 2 potions of curing {unknown}
 i - a potion of heal wounds {unknown}


   Skills:
 + Level 3.7 Fighting
 + Level 2.5 Maces & Flails
 + Level 3.7 Armour
 + Level 0.1 Dodging
 + Level 3.6 Shields


You had 2 spell levels left.
You didn't know any spells.
Your spell library was empty.

Dungeon Overview and Level Annotations

Branches:
Dungeon (2/15)

Altars:

Annotations:
D:2 Natasha


Innate Abilities, Weirdness & Mutations

You are immune to sickness and miasma.
Your stone body is resilient. (AC +3)
You are immune to poison.
You resist negative energy. (rN+)
You are resistant to electric shocks. (rElec)
You are resistant to unholy torment.
You are immune to petrification.


Message History

a +0 short sword; a kobold corpse Natasha, Servant of Life and Death comes into view.
Natasha hisses angrily.
Natasha is nearby!
Natasha is nearby!
Natasha is nearby!
Natasha barely misses you.
You closely miss Natasha. Natasha closely misses you.
You closely miss Natasha. Natasha closely misses you.
You completely miss Natasha. You block Natasha's attack. Natasha claws you.
You closely miss Natasha. Natasha casts a spell at you.
The magic dart hits you.
You sock Natasha!
Natasha is heavily wounded.
Natasha barely misses you.
You barely miss Natasha.
Natasha is heavily wounded.
Natasha claws you but does no damage. You block Natasha's attack.
You completely miss Natasha.
Natasha is heavily wounded.
Natasha claws you but does no damage.
You hit Natasha.
Natasha is severely wounded.
Natasha claws you.
You closely miss Natasha.
Natasha is severely wounded.
Natasha claws you. Natasha claws you but does no damage.
You barely miss Natasha.
Natasha is severely wounded.
Natasha claws you.
* * * LOW HITPOINT WARNING * * *
You miss Natasha.
Natasha is heavily wounded.
Natasha claws you.
* * * LOW HITPOINT WARNING * * *
You barely miss Natasha.
Natasha is heavily wounded.
Natasha closely misses you. Natasha claws you!
You die...

#.#### #.#####
#....###.##### ###
####.#.......#
######..
..#..)...###.#
.......#
#.#.#..### #.#
.....# #.#<#..#
#.# ...# #.###..#
#.# #h###.....>##
#.# #@..........#
#..
#.#######...######
### ###....<..
#.##.... #.##....
#.##.... #.##....
#..+.... ####....


You could see Natasha.

Vanquished Creatures
  An adder (D:2)
  A dart slug (D:1)
  3 ball pythons (D:2)
  5 goblins (D:1)
  2 jackals (D:1)
  4 kobolds
  3 quokkas (D:1)
  4 bats
  2 frilled lizards (D:1)
  2 rats
27 creatures vanquished.

Notes
Turn   | Place    | Note
-------+----------+-------------------------------------------
     0 | D:1      | lonewolfV2 the Gargoyle Fighter began the quest for the
                  | Orb.
     0 | D:1      | Reached XP level 1. HP: 14/14 MP: 1/1
   184 | D:1      | Reached XP level 2. HP: 18/19 MP: 2/2
   617 | D:1      | Reached XP level 3. HP: 24/24 MP: 3/3
   823 | D:2      | Found a faded altar of an unknown god.
  1300 | D:2      | Noticed Natasha
  1314 | D:2      | Slain by Natasha

Illustrated notes

Levels and vault maps discovered:
D:1:      heliophobic_arrival_battle_scene, layout_loops_ring, serial_forest,
          infiniplex_forest_straight_3, infiniplex_forest_straight_4,
          infiniplex_forest_clump_medium, infiniplex_forest_corner_2,
          infiniplex_forest_end_2, infiniplex_forest_clump_small,
          infiniplex_forest_straight_3, feat_on_display
D:2:      layout_basic, basic_ecumenical_altar, basic_altar, uniq_natasha

Action                   || total
-------------------------++-------
Melee: Flail             ||   101
  Use: Scroll            ||     3
Armor: Scale mail        ||    68
Dodge: Dodged            ||    63
Block: Buckler           ||    24
